[Event "Late-Titled-Tuesday-Blitz-June-25-2024"]
[Site "Chess.com"]
[Date "2024.06.25"]
[Round "11"]
[White "K_A_S_T_O_R"]
[Black "FairChess_on_YouTube"]
[Result "1-0"]
[WhiteElo "2878"]
[BlackElo "3066"]
[TimeControl "180+1"]
[EndTime "16:07:47 PDT"]
[Termination "K_A_S_T_O_R won by resignation"]

1. e4 c5 2. Nf3 Nc6 3. d4 cxd4 4. Nxd4 e5 5. Nb3 d6 6. c4 Be6 7. Nc3 Rc8 8. Nd5 Nf6 9. Bg5 Be7 10. Nxe7 Nxe7 11.
Nd2 h6 12. Bh4 Qb6 13. Qb3 g5 14. Qxb6 axb6 15. Bg3 Nh5 16. f3 Nxg3 17. hxg3 Nc6 18. Bd3 Ke7 19. g4 b5 20. cxb5 Nb4 21. Ke2 Nxa2 22. b3 Nc3+ 23. Ke3 d5 24. Ra7 Rc7 25. b6 Rd7 26. Nb1 Rc8 27. Rc1 dxe4 28. fxe4 Nxb1 29. Rxc8 Rxd3+ 30. Kxd3 Bxc8 31. Kc2 Kd6 32. Kxb1 Kc6 33. Kc2 Bxg4 34. Ra8 Be6 35. Rh8 Kxb6 36. Rxh6 Kc5 37. Kc3 b5 38. b4+ Kd6 39. Rh5 f6 40. Rh8 Bc4 41.
Rb8 Bf1 42. g3 Ke6 43. Rb6+ Kf7 44. Kd2 Kg6 45. Ke3 Bc4 46. Rc6 Bf1 47. Rc1 Bh3 48. Kf2 Kf7 49. Rc5 Bd7 50. Rc7 Ke7 51. Rb7 Kd6 52.
Rb6+ Ke7 53. Kf3 Be8 54. Kg4 Bd7+ 55. Kh5 Kf7 56. Rb7 Ke6 57. Kg6 Be8+ 58. Kg7 g4 59. Rb6+ Ke7 60. Rxf6 Bd7 61. Rb6 Be8 62. Rb7+ Kd6 63.
Kf6 Bc6 64. Rb6 1-0

[Event "Late-Titled-Tuesday-Blitz-June-25-2024"]
[Site "Chess.com"]
[Date "2024.06.25"]
[Round "11"]
[White "JanistanTV"]
[Black "Azeryahu"]
[Result "0-1"]
[WhiteElo "2680"]
[BlackElo "2858"]
[TimeControl "180+1"]
[EndTime "16:07:48 PDT"]
[Termination "Azeryahu won on time"]

1. d4 d5 2. c4 e6 3. Nc3 h6 4. cxd5 exd5 5. Nf3 Nf6 6. Bf4 Bd6 7. e3 Bxf4 8. exf4 O-O 9. Be2 Bg4 10. Ne5 Bxe2 11. Qxe2 c6 12. O-O Ne8 13. Rae1 Nd6 14. Qg4 Qc8 15. h3 Na6 16. Re2 Nc7 17. Rfe1 Re8 18. b3 Qf5 19. g3 h5 20. Qxf5 Nxf5 21. Nf3 Rxe2 22. Rxe2 Ne6 23. Rd2 g6 24. Nd1 a5 25. a4 Ra6 26. Ne3 Nd6 27. Rd3 Rb6 28. Ne5 Ng7 29. Nd7 Ra6 30. Kg2 Ra8 31. Kf3 Rd8 32.
Ne5 Kh7 33. Rd1 Re8 34. g4 f6 35. Nd3 Ne6 36. Nc2 hxg4+ 37. hxg4 Kg7 38. Rh1 Ne4 39. Rh2 Nd2+ 40. Kg3 Nxb3 41. f5 gxf5 42. gxf5 Nexd4 43. Nxd4 Nxd4 44. Kg4 Rh8 45. Rg2 Kf7 46. Nf4 Rg8+ 47. Ng6 b5 48. Rh2 b4 49. Rh7+ Rg7 50. Rh8 Nxf5 51. Kxf5 Rxg6 52. Rc8 Rg5+ 53. Kf4 Rh5 54.
Rxc6 Rh4+ 55. Kf5 Rh5+ 56. Kf4 Rh2 57. f3 Ra2 58. Kf5 Rxa4 59. Rc7+ Ke8 60. Ke6 Kd8 61. Kd6 b3 62. Rh7 Kc8 63. Kc6 Kb8 0-1

[Event "Late-Titled-Tuesday-Blitz-June-25-2024"]
[Site "Chess.com"]
[Date "2024.06.25"]
[Round "11"]
[White "subham777"]
[Black "ManMish2"]
[Result "0-1"]
[WhiteElo "2552"]
[BlackElo "2656"]
[TimeControl "180+1"]
[EndTime "16:07:49 PDT"]
[Termination "ManMish2 won by checkmate"]

1. e4 e5 2. Nf3 Nc6 3. Bc4 Nf6 4.
d3 Bc5 5. c3 d6 6. Nbd2 O-O 7.
Nf1 a6 8. Ng3 Ba7 9. Bg5 h6 10.
Bh4 Na5 11. Bb3 Nxb3 12. axb3 Bg4 13. Rg1 g5 14. h3 gxh4 15. Qd2 hxg3 16. O-O-O Bxf3 17. Qxh6 Bxd1 18. Rxd1 Nh7 19. f4 Be3+ 20. Kb1 Bxf4 21.
Qh5 Qg5 22. Qf3 f5 23. h4 Qg4 24. Qf1 fxe4 25. dxe4 Nf6 26. Qc4+ Kg7 27. Rh1 c6 28.
h5 Rh8 29. Qb4 Rxh5 30. Rxh5 Qxh5 31. Qxb7+ Qf7 32. Qxa8 Qxb3 33. Qxc6 Qf7 34. Qxd6 Nxe4 35. Qxa6 Qg6 36. Qb7+ Kh6 37. Ka2 Qe6+ 38. Kb1 Nd6 39.
Qb8 Qg6+ 40. Ka1 Nf7 41. Qf8+ Kh7 42. Qe7 Qf5 43. c4 e4 44. c5 e3 45. c6 Be5 46.
c7 e2 47. Qb4 Qf1+ 48. Ka2 e1=Q 49. Qxe1 Qxe1 50. c8=Q Qa5+ 51. Kb1 Qe1+ 52. Ka2 Qe4 53.
Qe6 Nd6 54. Qe7+ Kg6 55. Qe6+ Kg5 56. Qg8+ Kf4 57. Qf8+ Ke3 58. Qg8 Qc4+ 59. Qxc4 Nxc4 60.
b4 Nd6 61. Kb3 Kf2 62. Kc2 Kxg2 63. Kd3 Kf3 64. b5 g2 65. b6 g1=Q 66. b7 Qd1# 0-1

[Event "Late-Titled-Tuesday-Blitz-June-25-2024"]
[Site "Chess.com"]
[Date "2024.06.25"]
[Round "11"]
[White "Juliana_Figueira"]
[Black "LUISMIGUELOV"]
[Result "1-0"]
[WhiteElo "2042"]
[BlackElo "2229"]
[TimeControl "180+1"]
[EndTime "16:07:50 PDT"]
[Termination "Juliana_Figueira won by resignation"]

1. d4 c6 2. c4 d5 3. Nf3 Bg4 4. Ne5 h5 5. Qc2 e6 6. Nxg4 hxg4 7.
Nd2 f5 8. e3 Bd6 9. g3 g6 10. cxd5 exd5 11. a3 Nf6 12. b4 a6 13.
Nb3 Nbd7 14. Nc5 Nxc5 15. bxc5 Bc7 16. Qb3 Ba5+ 17. Bd2 Bxd2+ 18. Kxd2 Qa5+ 19. Qb4 Ne4+ 20. Ke1 Qxb4+ 21. axb4 Kd7 22. Ra3 Rae8 23. Bg2 Re7 24. Bxe4 Rxe4 25. Kf1 g5 26. Kg2 Re7 27. h3 gxh3+ 28.
Rxh3 Rxh3 29. Kxh3 Rh7+ 30. Kg2 g4 31. Ra1 Kc7 32. f3 Re7 33. Kf2 Rh7 34. Kg2 gxf3+ 35.
Kxf3 Rh2 36. Kf4 Rf2+ 37. Ke5 Rf3 38. Ra3 Rxg3 39. Kxf5 Rf3+ 40. Ke5 b6 41. cxb6+ Kxb6 42. Kd6 Rf6+ 43. Ke5 Rf8 44. Ra5 Re8+ 45. Kf4 Re4+ 46.
Kf3 Kb7 47. Rc5 Kb6 48. Ra5 Rh4 49. Kg3 Rh1 50. Kf4 Rf1+ 51. Ke5 Rb1 52. Kd6 Rxb4 53. Rc5 Rc4 54. e4 dxe4 55. Rxc4 Kb5 56. Rxc6 a5 57.
Rc1 a4 58. Ke5 e3 59. Ke4 e2 60. Ke3 a3 61. Kxe2 Kb4 62. d5 a2 63. d6 Kb3 64.
d7 Kb2 65. Rh1 1-0

[Event "Late-Titled-Tuesday-Blitz-June-25-2024"]
[Site "Chess.com"]
[Date "2024.06.25"]
[Round "11"]
[White "Leebit02"]
[Black "Aswathchess"]
[Result "1/2-1/2"]
[WhiteElo "2603"]
[BlackElo "2756"]
[TimeControl "180+1"]
[EndTime "16:07:53 PDT"]
[Termination "Game drawn by repetition"]

1. e4 c5 2. Nf3 Nf6 3. Nc3 d5 4. exd5 Nxd5 5. Bb5+ Bd7 6. Ne5 Bxb5 7. Qf3 f6 8. Nxb5 fxe5 9. Qxd5 Qxd5 10. Nc7+ Kd7 11.
Nxd5 Nc6 12. O-O Nd4 13. Ne3 g6 14. c3 Nc6 15. d3 Bg7 16. Re1 Rad8 17. Nc4 Ke6 18. Be3 b6 19. Rad1 Rd5 20. b3 Rhd8 21. Nb2 R5d7 22. Bd2 b5 23. Re4 Bf6 24. Rde1 Kf7 25.
Be3 b4 26. cxb4 Nxb4 27. Bxc5 Nxd3 28. Nxd3 Rxd3 29. Ra4 e4 30. Kf1 Bd4 31. Bxd4 R8xd4 32. Rxe4 Rd1+ 33. Ke2 R1d2+ 34. Kf3 Rxe4 35. Kxe4 Rxf2 36. Rxa7 Rxg2 37. b4 Rg4+ 38. Kf3 Rxb4 39. a3 Rb2 40. Kg3 h5 41. a4 Kf6 42. a5 Ra2 43. Ra8 e5 44. a6 Kg5 45. h4+ Kf5 46. a7 Ke4 47.
Kh3 Ra5 48. Kg2 Ra1 49. Kh3 Ra2 50. Kg3 Ra3+ 51. Kh2 Ke3 52. Re8 Rxa7 53. Rxe5+ Kf4 54. Rg5 Ra6 55. Kh3 Ra3+ 56. Kh2 Ra2+ 57. Kh3 Ra3+ 58. Kh2 Ra6 59. Kh3 Re6 60. Kh2 Ke4 61. Kg3 Rf6 62. Kh3 Rf3+ 63. Kh2 Rf6 64. Kg3 Rd6 65. Kg2 Rd2+ 66.
Kg3 Rd6 67. Kg2 Kf4 68. Kh3 Rd3+ 69. Kh2 Rd6 70. Kh3 Re6 71. Kh2 Re2+ 72. Kh3 Re6 1/2-1/2

[Event "Late-Titled-Tuesday-Blitz-June-25-2024"]
[Site "Chess.com"]
[Date "2024.06.25"]
[Round "11"]
[White "CFalcons8"]
[Black "VirtualCoach"]
[Result "1-0"]
[WhiteElo "2438"]
[BlackElo "2346"]
[TimeControl "180+1"]
[EndTime "16:07:54 PDT"]
[Termination "CFalcons8 won by checkmate"]

1. d4 Nf6 2. c4 e6 3. Nf3 d5 4. g3 Bb4+ 5. Bd2 Bd6 6. Bg2 c6 7. O-O Nbd7 8. Qc2 O-O 9. b3 Re8 10. Nc3 dxc4 11. bxc4 e5 12. dxe5 Nxe5 13. Nxe5 Bxe5 14.
Rfd1 Qc7 15. e3 Be6 16. Qa4 Red8 17. Rac1 Nd7 18. f4 Nc5 19. Qa3 Bd6 20. Qb2 Nd3 21.
Qc2 Nxc1 22. Rxc1 Bb4 23. Bf1 Qd7 24. Rd1 Bg4 25. Rb1 Bf5 26. e4 Qxd2 27. Qxd2 Rxd2 28.
Rxb4 Be6 29. e5 b6 30. Ne4 Rxa2 31. Nd6 Rd8 32. f5 Bc8 33. Rb1 Ba6 34. Rd1 Ra5 35. Re1 f6 36. e6 Re5 37. Rxe5 fxe5 38. e7 Rb8 39. e8=Q+ Rxe8 40. Nxe8 Bc8 41. Nd6 Bd7 42. Kf2 a5 43. g4 a4 44. Ne4 a3 45. Nc3 g6 46.
fxg6 hxg6 47. h3 Be6 48. Ke3 b5 49. Na2 Kh7 50. Ke4 Kh6 51. Kxe5 Bxc4 52. Bxc4 bxc4 53.
Kf6 c5 54. h4 c3 55. Nxc3 c4 56. h5 gxh5 57. g5+ Kh7 58. Kf7 h4 59. g6+ Kh6 60. g7 h3 61. g8=Q h2 62. Qg6# 1-0

[Event "Late-Titled-Tuesday-Blitz-June-25-2024"]
[Site "Chess.com"]
[Date "2024.06.25"]
[Round "11"]
[White "CoachVadim"]
[Black "Alblooshi_Hamad"]
[Result "1-0"]
[WhiteElo "2413"]
[BlackElo "2306"]
[TimeControl "180+1"]
[EndTime "16:07:54 PDT"]
[Termination "CoachVadim won by checkmate"]

1. Nf3 Nf6 2. g3 c5 3. Bg2 d5 4. O-O g6 5. c4 d4 6. e3 Bg7 7. exd4 cxd4 8. b4 O-O 9. Bb2 a5 10. b5 Qc7 11. d3 e5 12. Re1 Nbd7 13. Nbd2 Re8 14. Rc1 a4 15. Ba3 Bf8 16. Bxf8 Kxf8 17. c5 Qa5 18. Nc4 Qd8 19. Ncxe5 Nxe5 20. Nxe5 Rxe5 21.
Rxe5 Bg4 22. Qe1 Qa5 23. Qxa5 Rxa5 24. Bxb7 Rxb5 25. Bc6 Ra5 26. f3 Be6 27. a3 Ra6 28. Bb5 Ra5 29. Bc4 Bf5 30. f4 Nd7 31. Rd5 Be6 32.
Rd6 Nxc5 33. Bxe6 Nxe6 34. Rc8+ Kg7 35. Rd7 Rb5 36. Re8 Nc5 37. Rd5 Rb1+ 38. Kg2 Nxd3 39. Rxd4 Ne1+ 40. Kh3 Nc2 41. Rxa4 Ra1 42. Re7 Kf6 43. Raa7 Rxa3 44. Rxf7+ Ke6 45. Rxa3 Nxa3 46. Rxh7 Nc4 47. Kg4 Ne3+ 48. Kg5 Nd5 49. Kxg6 Ne7+ 50. Rxe7+ Kxe7 51. f5 Kf8 52. f6 Kg8 53. h4 Kf8 54. f7 Ke7 55. Kg7 Ke6 56. f8=Q Ke5 57. Qf6+ Ke4 58. h5 Kd3 59. h6 Kc4 60. h7 Kb5 61.
h8=Q Kc5 62. Qc8+ Kd5 63. Qce6+ Kc5 64. Qc3+ Kb5 65. Qec6# 1-0

[Event "Late-Titled-Tuesday-Blitz-June-25-2024"]
[Site "Chess.com"]
[Date "2024.06.25"]
[Round "11"]
[White "Pitomina"]
[Black "NikitaShnadrygin"]
[Result "1/2-1/2"]
[WhiteElo "2584"]
[BlackElo "2751"]
[TimeControl "180+1"]
[EndTime "16:08:05 PDT"]
[Termination "Game drawn - insufficient material"]

1. d4 d5 2. Bf4 Nc6 3. e3 Nf6 4. Nf3 Bg4 5. Nbd2 e6 6. h3 Bh5 7.
Be2 Bd6 8. c3 O-O 9. O-O Bg6 10.
Re1 Nd7 11. Qb3 Rb8 12. Bb5 Ne7 13. Bxd7 Qxd7 14. Bxd6 cxd6 15. c4 dxc4 16. Nxc4 b5 17. Ncd2 Rfc8 18. Rec1 Nd5 19. Qa3 b4 20. Qa5 h6 21.
Qa6 Nb6 22. Nb3 Qa4 23. Na5 Be4 24. Nd2 Bd5 25. b3 Qd7 26. Kh2 g5 27. Qe2 e5 28.
e4 Ba8 29. d5 f5 30. Qh5 Qg7 31. f3 Nd7 32. exf5 Nf6 33. Qg6 Qxg6 34. fxg6 Bxd5 35.
Ndc4 Rd8 36. Ne3 Rbc8 37. Nb7 Bxb7 38. Nf5 Kf8 39. Nxh6 Ne8 40. Nf5 Rxc1 41. Rxc1 Rc8 42. Rd1 Bc6 43. g7+ Nxg7 44. Rxd6 Nxf5 45. Rf6+ Ke7 46. Rxf5 Ke6 47. Rxg5 Bd7 48. Rg6+ Kd5 49. Ra6 Rc7 50. h4 Bb5 51. Ra5 a6 52. a4 bxa3 53. Rxa3 Rd7 54. h5 Rh7 55. g4 Kd4 56. Kg3 Kc3 57. Kh4 Be2 58. b4+ Kxb4 59. Re3 Bc4 60. g5 a5 61. g6 Rh8 62. Kg5 a4 63. h6 a3 64. h7 a2 65. Re1 Kc3 66. Kh6 Kb2 67.
g7 Rxh7+ 68. Kxh7 a1=Q 69. Rxa1 Kxa1 70. Kg6 Kb2 71. Kf5 Kc3 72. Kxe5 Kb4 73. Kd6 Kc3 74. f4 Kd4 75. f5 Ke4 76. f6 Kf5 77. Ke7 Kg6 78.
Kf8 Kxf6 79. g8=Q Bxg8 1/2-1/2

[Event "Late-Titled-Tuesday-Blitz-June-25-2024"]
[Site "Chess.com"]
[Date "2024.06.25"]
[Round "11"]
[White "RaugintaBulba"]
[Black "Bykov_Egor"]
[Result "1-0"]
[WhiteElo "2492"]
[BlackElo "2600"]
[TimeControl "180+1"]
[EndTime "16:08:07 PDT"]
[Termination "RaugintaBulba won by resignation"]

1. d4 Nf6 2. c4 d6 3. Nf3 Nbd7 4.
Nc3 e5 5. e4 Be7 6. Be2 O-O 7.
O-O Re8 8. Be3 Ng4 9. Bc1 Ngf6 10. Be3 Bf8 11. d5 g6 12. b4 Nh5 13. Nd2 Nf4 14. Bf3 f5 15. exf5 gxf5 16. Bxf4 exf4 17. Nb3 Bg7 18. Nd4 Ne5 19. Rc1 Bd7 20. Bh5 Re7 21. c5 Qf8 22. Ncb5 Bxb5 23. Nxb5 Qf6 24. cxd6 cxd6 25.
Nc7 Rc8 26. Ne6 Rxc1 27. Qxc1 f3 28. Qc8+ Bf8 29. gxf3 Ng6 30. Kh1 Qf7 31. Rg1 Re8 32.
Qc2 Bh6 33. f4 Kh8 34. Qc3+ Kg8 35. Qh3 Rxe6 36. dxe6 Qxe6 37. Bxg6 hxg6 38. Qe3 Qd5+ 39. f3 Kf7 40. Re1 Bf8 41. Re2 Qd1+ 42. Kg2 Kg7 43. Rd2 Qc1 44. Qd4+ Kh7 45. Qd5 Bg7 46. Qxd6 Qc4 47.
Qd3 Qxf4 48. Rf2 Qg5+ 49. Kf1 Be5 50. Ke2 Qf4 51. Qd7+ Kh6 52. Qd2 Kh5 53. Qxf4 Bxf4 54. Rg2 g5 55. h3 Kh4 56. Rg1 Kxh3 57. Rd1 b6 58. Rd5 a5 59. Rxf5 axb4 60. Rb5 g4 61. fxg4 Kxg4 62. Rxb4 Kf5 63. Rxb6 Ke5 64. Kd3 Kd5 65.
Rb5+ Kc6 66. Kc4 Bc7 67. a4 Bb6 68. a5 Ba7 69. a6 Bg1 70. Rb7 Bf2 71. Rf7 1-0

[Event "Late-Titled-Tuesday-Blitz-June-25-2024"]
[Site "Chess.com"]
[Date "2024.06.25"]
[Round "11"]
[White "malakismayil"]
[Black "OppieZippy"]
[Result "1/2-1/2"]
[WhiteElo "2540"]
[BlackElo "2378"]
[TimeControl "180+1"]
[EndTime "16:08:07 PDT"]
[Termination "Game drawn - insufficient material"]

1. e4 e5 2. Nf3 Nc6 3. Bc4 Bc5 4. d3 d6 5. Nc3 Nge7 6. h3 O-O 7. Be3 Bxe3 8. fxe3 Na5 9. Bb3 Ng6 10. O-O c6 11.
d4 Qe7 12. Qd3 a6 13. Rad1 b5 14.
a3 Nxb3 15. cxb3 Bb7 16. dxe5 dxe5 17. Qd7 Rfe8 18. b4 Rab8 19. Rd6 Qxd7 20. Rxd7 Nf8 21. Rd6 f6 22. Rfd1 Kf7 23. Kf2 Ke7 24. Nh4 g6 25. Nf3 Red8 26. Rxd8 Rxd8 27. Rc1 Ne6 28. Nb1 Rc8 29.
Nbd2 c5 30. bxc5 Nxc5 31. Ke2 Kd7 32. Rd1 Ke6 33. Rc1 Kd6 34. Rd1 Kc7 35. Rc1 Kb8 36. Rf1 Nxe4 37. Nxe4 Bxe4 38. Nd2 f5 39. Nxe4 fxe4 40.
Kd2 Rd8+ 41. Ke2 Rc8 42. Kd2 Rd8+ 43. Ke2 Rd7 44. Rf6 Kb7 45. Re6 Rc7 46. Kd2 Rf7 47. Ke1 Rc7 48. Rxe5 Rc2 49. g4 Rxb2 50. Rxe4 Kb6 51.
Re7 h5 52. Re6+ Ka5 53. Rxg6 hxg4 54. hxg4 Rb3 55. Kf2 Rxa3 56. Rg8 b4 57. g5 Rc3 58. Kf3 b3 59. Rb8 Ka4 60. g6 Rc7 61. Kf4 a5 62.
Kf5 Ka3 63. Kf6 b2 64. e4 a4 65. e5 Ka2 66. g7 Rxg7 67. Kxg7 b1=Q 68. Rxb1 Kxb1 69.
e6 a3 70. e7 a2 71. e8=Q a1=Q+ 72. Kf8 Qh8+ 73. Ke7 Qxe8+ 74. Kxe8 1/2-1/2

[Event "Late-Titled-Tuesday-Blitz-June-25-2024"]
[Site "Chess.com"]
[Date "2024.06.25"]
[Round "11"]
[White "sergeikim"]
[Black "BardArtem"]
[Result "0-1"]
[WhiteElo "2602"]
[BlackElo "2813"]
[TimeControl "180+1"]
[EndTime "16:08:08 PDT"]
[Termination "BardArtem won on time"]

1. d4 d5 2. c4 e6 3. Nc3 Nf6 4. Nf3 c5 5. e3 Nc6 6. a3 cxd4 7. exd4 Be7 8. Bd3 dxc4 9. Bxc4 O-O 10. O-O Nd5 11. Ne4 b6 12. Re1 Bb7 13. Bg5 h6 14.
Bd2 Rc8 15. Rc1 Na5 16. Bxa5 bxa5 17. Qd2 Qb6 18. Ne5 Rfd8 19. h3 Rc7 20. Ba2 Rdc8 21. Rxc7 Rxc7 22. Bb1 Ba8 23. Ng3 Rb7 24. Qd3 f5 25. Ng6 Bf6 26. Nh5 Qxd4 27. Qxd4 Bxd4 28. Rxe6 Kf7 29. Bxf5 Rxb2 30. Kh1 Rb8 31. f4 Bb7 32. Ne5+ Bxe5 33. fxe5 Bc8 34. Rd6 Bxf5 35. Rxd5 Rb1+ 36. Kh2 Rb2 37. Rxa5 g6 38. Nf4 Be4 39. Rxa7+ Ke8 40.
Kg1 g5 41. Ne6 Rxg2+ 42. Kf1 Ra2 43. Nc5 Bd5 44. e6 h5 45. Rc7 g4 46. hxg4 h4 47.
Rh7 h3 48. g5 h2 49. Rh8+ Ke7 50. Rh7+ Kd6 51. e7 Bc6 52. Ne4+ Ke5 53. Nf6 Ra1+ 54. Kf2 h1=Q 55. Rxh1 Rxh1 56. e8=Q+ Bxe8 57. Nxe8 Kf5 58. Ke3 Re1+ 59. Kd4 Rxe8 60. Kc5 Ra8 61. Kb4 Ke6 62. g6 Kd6 63. g7 Kc6 64. a4 Rg8 65. a5 Rxg7 66. Kc4 Rg4+ 67. Kb3 Kb5 0-1

[Event "Late-Titled-Tuesday-Blitz-June-25-2024"]
[Site "Chess.com"]
[Date "2024.06.25"]
[Round "11"]
[White "Piriflillo"]
[Black "Fore_Man"]
[Result "1/2-1/2"]
[WhiteElo "2512"]
[BlackElo "2244"]
[TimeControl "180+1"]
[EndTime "16:08:15 PDT"]
[Termination "Game drawn by repetition"]

1. Nf3 Nf6 2. b3 e6 3. Bb2 d5 4. e3 c5 5. Bb5+ Bd7 6. Bxd7+ Nbxd7 7. O-O Bd6 8. d3 O-O 9. Nbd2 Qc7 10. h3 b5 11. e4 d4 12. Qe2 Nh5 13. g3 Nhf6 14. b4 e5 15. bxc5 Qxc5 16. Nb3 Qc7 17. Rac1 b4 18. Nbd2 Nb6 19. Ba1 a5 20. Nh4 Kh8 21. Nf5 Bc5 22. f4 a4 23. fxe5 Qxe5 24. Nf3 Qc7 25.
Bxd4 Bxd4+ 26. N3xd4 g6 27. Nb5 Qe5 28. Nfd4 Qxg3+ 29. Qg2 Qxg2+ 30. Kxg2 Nh5 31. Nd6 Kg8 32. Nc6 Kg7 33. Nxb4 a3 34. c4 Nd7 35. c5 Rab8 36. c6 Ne5 37. Nc2 Nxc6 38. d4 Rb2 39. Rf2 Rxa2 40.
Rcf1 f6 41. d5 Ne5 42. Nd4 Rxf2+ 43. Rxf2 Kh6 44. Ne6 Ra8 45. Ra2 g5 46. Nf5+ Kg6 47. d6 Nf4+ 48. Nxf4+ gxf4 49. Nd4 Nc4 50. Nb5 Rd8 51.
Nxa3 Nxd6 52. Rd2 Nf7 53. Rxd8 Nxd8 54. Nc4 Kg5 55. Kf3 Ne6 56. Nd6 Nd4+ 57. Kf2 Ne6 58. Nf7+ Kg6 59. Nd6 h5 60. Nf5 Kg5 61. Kf3 Kg6 62. Nh4+ Kg5 63. Nf5 h4 64. Nd6 Nd4+ 65. Kf2 Nc6 66. Nf7+ Kg6 67. Nd6 Ne5 68. Nc8 Kg5 69.
Ne7 f3 70. Nd5 f5 71. exf5 Kxf5 72. Ne3+ Kf4 73. Nd5+ Ke4 74. Nc3+ Kd3 75. Nd5 Ke4 76. Nc3+ Kf4 77. Nd5+ Ke4 1/2-1/2

[Event "Late-Titled-Tuesday-Blitz-June-25-2024"]
[Site "Chess.com"]
[Date "2024.06.25"]
[Round "11"]
[White "AlejandroArias"]
[Black "dosto07"]
[Result "0-1"]
[WhiteElo "2338"]
[BlackElo "2426"]
[TimeControl "180+1"]
[EndTime "16:08:15 PDT"]
[Termination "dosto07 won on time"]

1. e4 e5 2. Nf3 Nc6 3. Bb5 a6 4.
Ba4 Nf6 5. O-O Be7 6. Re1 b5 7.
Bb3 d6 8. h3 Na5 9. Nc3 O-O 10.
d3 Bb7 11. Ne2 Nxb3 12. axb3 Re8 13. Ng3 Bf8 14. Nh2 d5 15. Qe2 g6 16. Bg5 Bg7 17. Qe3 Qd6 18. Bh6 Bh8 19. Nf3 Rad8 20. Qg5 dxe4 21.
Nxe4 Nxe4 22. dxe4 Qf6 23. Qg3 Rd6 24. Bg5 Qe6 25. Be3 Red8 26. Qh4 f6 27. b4 Bg7 28.
c3 Rd3 29. Bc5 h5 30. Nh2 Bh6 31. f3 Bd2 32. Re2 Bg5 33. Qg3 Kh7 34. Nf1 Bf4 35. Qf2 Bh6 36. Rae1 Rd1 37. Rxd1 Rxd1 38. Re1 Qd7 39.
Qe2 Rxe1 40. Qxe1 Qd3 41. Kf2 Bc8 42. Qe2 Qb1 43. Ne3 Be6 44. Nd5 Kg7 45. Be3 Bxe3+ 46. Nxe3 Qc1 47. Qc2 Qxc2+ 48. Nxc2 Kf7 49. Ke3 g5 50.
Ne1 Ke7 51. Nd3 Kd6 52. Nc5 Bc8 53. g3 a5 54. Nd3 axb4 55. cxb4 Bxh3 56. g4 hxg4 57.
Nf2 Bf1 58. Nxg4 Ke6 59. Nf2 Bc4 60. Nd1 c6 61. Nc3 f5 62. exf5+ Kxf5 63. Ne4 Bd5 64. Nd6+ Kg6 65. Nb7 Kh5 66. Nd6 Kh4 67. Nf5+ Kh3 68. Kf2 g4 69. fxg4 Kxg4 70. Ne7 Kf4 71. Ke2 Ke4 72. Ng6 Kd4 73. Kd2 e4 74. Nf4 Kc4 75. Ke3 Kxb4 76. Kd4 Kb3 0-1

[Event "Late-Titled-Tuesday-Blitz-June-25-2024"]
[Site "Chess.com"]
[Date "2024.06.25"]
[Round "11"]
[White "Zurability"]
[Black "Gangster-accountant01"]
[Result "1-0"]
[WhiteElo "2779"]
[BlackElo "2600"]
[TimeControl "180+1"]
[EndTime "16:08:38 PDT"]
[Termination "Zurability won by checkmate"]

1. e4 e5 2. Nf3 Nc6 3. Bc4 Nf6 4. d3 Bc5 5. c3 O-O 6. h3 d5 7. exd5 Nxd5 8. O-O Nb6 9. Bb3 Bf5 10. Bc2 Qd7 11.
Qe2 Rfe8 12. Nbd2 Nd5 13. Ne4 Bb6 14. Nh4 Nf4 15. Qf3 Bxe4 16. dxe4 Qe7 17. Nf5 Qf6 18. Bxf4 exf4 19. Qxf4 Kh8 20. Qh4 Qxh4 21. Nxh4 Rad8 22. Rfd1 Ne5 23. Kf1 Nc4 24. b3 Nd2+ 25. Ke1 Nxe4 26. Rxd8 Bxf2+ 27. Ke2 Rxd8 28. Nf3 f5 29. Bxe4 fxe4 30.
Ng5 Rf8 31. Nxe4 Bb6 32. Rd1 Re8 33. Kf3 h6 34. Rd7 Rf8+ 35. Kg4 Kh7 36. Ng3 Kg6 37.
Nh5 Rf7 38. Nf4+ Kf6 39. Rd2 c6 40. Re2 g6 41. Re6+ Kg7 42. Rxg6+ Kh7 43. Re6 Bc7 44. Nh5 Bd8 45. Ng3 Rg7+ 46. Kf3 Rf7+ 47. Ke4 Rg7 48.
Kf3 Rf7+ 49. Ke2 Rg7 50. Re3 Bc7 51. Nf5 Rxg2+ 52. Kf3 Rg5 53. Re7+ Kg6 54. Nh4+ Kh5 55. Rxc7 Kxh4 56. Rxb7 Rg3+ 57. Kf4 Rxc3 58. Rxa7 Kxh3 59. Rh7 Rc2 60. Rxh6+ Kg2 61. Ke5 c5 62. Kd5 Kf3 63.
Rh4 Ke3 64. Rc4 Rxa2 65. Kxc5 Rb2 66. b4 Kd3 67. b5 Rh2 68. Rd4+ Kc3 69. Rc4+ Kb3 70.
Rg4 Rh5+ 71. Kc6 Rh6+ 72. Kb7 Rh7+ 73. Ka6 Rh6+ 74. b6 Kc3 75. Ka7 Rh1 76. b7 Ra1+ 77. Kb6 Rb1+ 78. Kc7 Kd3 79. b8=Q Rxb8 80. Kxb8 Ke3 81. Kc7 Kf3 82. Ra4 Ke3 83. Kd6 Kd3 84. Kc5 Kc3 85. Ra3+ Kb2 86. Re3 Kc2 87. Kd4 Kd2 88.
Ke4 Kc2 89. Rd3 Kb2 90. Kd4 Kc2 91. Kc4 Kb2 92. Rc3 Kb1 93. Kb3 Ka1 94. Rc1# 1-0

[Event "Late-Titled-Tuesday-Blitz-June-25-2024"]
[Site "Chess.com"]
[Date "2024.06.25"]
[Round "11"]
[White "WilsonPalencia21"]
[Black "Chempiblinka"]
[Result "1-0"]
[WhiteElo "2621"]
[BlackElo "2430"]
[TimeControl "180+1"]
[EndTime "16:08:43 PDT"]
[Termination "WilsonPalencia21 won by resignation"]

1. d4 Nf6 2. c4 g6 3. Nc3 Bg7 4. Nf3 O-O 5. e4 d6 6. Be2 Bg4 7. h3 Bxf3 8. Bxf3 Nfd7 9. Be3 Nc6 10. Qd2 e5 11. d5 Nd4 12. O-O-O a6 13. Kb1 b5 14. Be2 Nc5 15. b4 Nd7 16. Bd3 bxc4 17. Bxc4 Qb8 18. a3 a5 19. b5 Nc5 20. Ka2 a4 21. Rb1 Ncb3 22. Qd3 f5 23. f3 Nc5 24. Qd2 Ncb3 25. Qd3 Nc5 26. Qd1 fxe4 27. fxe4 Qd8 28. Rf1 Qh4 29. Qg4 Qxg4 30. hxg4 Rxf1 31. Rxf1 Rf8 32. Rxf8+ Kxf8 33. Kb2 Kf7 34. Kc1 Bf6 35. g5 Bd8 36. Kd2 Ncb3+ 37. Bxb3 axb3 38. Kd3 Ke8 39. a4 Kd7 40. a5 Kc8 41. Bxd4 exd4 42. Nb1 Bxg5 43.
Kxd4 Bf6+ 44. Kc4 b2 45. Kb3 Kb7 46. Kc2 h5 47. Nd2 g5 48. Nf1 h4 49. Ne3 Bd4 50. Ng4 Bc3 51. Nf2 Bxa5 52. Kxb2 Kb6 53. Kc2 Kxb5 54. Kd3 Be1 55. Ng4 Kc5 56. Ke3 Bc3 57.
Kf3 Kd4 58. Ne3 Bd2 59. Nf5+ Ke5 60. Nh6 Bf4 61. Ng4+ Kd4 62. Nf6 Kc5 63. Ne8 c6 64. dxc6 Kxc6 65. Nf6 Kc5 66. Nd5 Bc1 67. Nc3 Bd2 68.
Nd5 Kd4 69. Nf6 Ke5 70. Nd5 Bc1 71. Nb6 Bd2 72. Nc4+ Kd4 73. Nxd2 Kd3 74. Nb3 Kc3 75. Na5 Kd4 76. Nc6+ Kc5 77. Ne7 Kd4 78. Nd5 Ke5 79.
Ne3 Kd4 80. Ng4 Kc5 81. Ke3 d5 82. e5 Kc6 83. Kd4 Kd7 84. Kxd5 Ke7 85. Kd4 Ke6 86. Ke4 Ke7 87. Kf5 Kd7 88. Kxg5 Ke7 89. Kxh4 1-0

[Event "Late-Titled-Tuesday-Blitz-June-25-2024"]
[Site "Chess.com"]
[Date "2024.06.25"]
[Round "11"]
[White "MatthewG-p4p"]
[Black "GoltsevDmitry2000"]
[Result "1/2-1/2"]
[WhiteElo "2916"]
[BlackElo "2710"]
[TimeControl "180+1"]
[EndTime "16:09:03 PDT"]
[Termination "Game drawn - insufficient material"]

1. h4 e5 2. h5 d5 3. c3 Nc6 4.
d4 exd4 5. cxd4 Bf5 6. h6 Nxh6 7. Bxh6 gxh6 8. Nc3 Bg7 9. e3 Qd7 10. Bd3 Be6 11.
Nge2 O-O-O 12. Rc1 Rde8 13. Na4 Bf8 14. Bb5 Bg4 15. Bxc6 Bb4+ 16. Kf1 bxc6 17. Qd3 Kd8 18. Rxh6 Re6 19. Rh4 h5 20. Nf4 Rf6 21. Qb3 Bd6 22. Qb8+ Qc8 23. Qxc8+ Kxc8 24. Rxc6 Bd7 25. Rxd6 Rxd6 26.
Nc5 Bb5+ 27. Ke1 a5 28. b3 f6 29. Rxh5 Rxh5 30. Nxh5 Be8 31. Nf4 Bf7 32. Kd2 Rd8 33.
g3 Rh8 34. a4 Rh2 35. Ke2 Rh1 36. Nfd3 Bh5+ 37. Kd2 Rd1+ 38. Kc2 Rf1 39. Kc3 Bg6 40.
Nf4 Bf7 41. Ncd3 c6 42. Kd2 Kc7 43. Kc2 Bg8 44. Kc3 Bh7 45. b4 Ra1 46. Nc5 Ra3+ 47.
Kb2 axb4 48. Na6+ Kd6 49. Nxb4 Rxa4 50. Na2 Ra8 51. Nc3 Rb8+ 52. Kc1 Rb3 53. Nd1 Ra3 54. Kd2 Ra2+ 55. Ke1 Be4 56. Nc3 Ra1+ 57. Kd2 Bf3 58.
Nd3 Rf1 59. Na4 Be4 60. Nac5 Bxd3 61. Nxd3 Rh1 62. Ke2 Rh8 63. Nc5 Ra8 64. Kf3 Ra2 65.
Nd3 Rd2 66. Nf4 c5 67. dxc5+ Kxc5 68. Nh5 d4 69. Nxf6 Ra2 70. exd4+ Kxd4 71. Ng4 Kd5 72. Kf4 Ke6 73. f3 Ra4+ 74. Kg5 Ra3 75. Kf4 Ra4+ 76.
Ke3 Ra3+ 77. Kf2 Ra2+ 78. Kf1 Ra1+ 79. Kg2 Ra2+ 80. Nf2 Kf5 81. Kg1 Ra3 82. Kg2 Ra2 83. f4 Rb2 84. Kf3 Rb3+ 85. Kg2 Rb2 86. Kg1 Rb1+ 87.
Kh2 Rb2 88. Kg2 Ra2 89. Kf1 Ra1+ 90. Ke2 Ra2+ 91. Ke3 Ra3+ 92. Nd3 Kg4 93. Ke4 Kxg3 94. f5 Kg4 95. f6 Ra6 96. Ne5+ Kg5 97. f7 Rf6 98.
Kd5 Kh6 99. Ng4+ Kg7 100. Nxf6 Kxf7 1/2-1/2